Map: Blueshift LE

Players

BaldSeagull - Winner!

  • Race: Zerg Zerg
  • League: Diamond
  • Spawn Location: 7:00

A.I. 1 (Elite)

  • Race: Protoss Protoss
  • Spawn Location: 1:00

VOD

Have the link to the VOD?

Description

Spine rush

Time

  • Played on: Jan. 12, 2019, 7:03 a.m.
  • Length: 3:16
Show
View Real Time Build Order
Export as new Build Order

BaldSeagull Zerg - Winner!

Build Orders: Hatch First 

Get SALT Encoding   

  12  0:01  Drone  
  13  0:13  Overlord  
  13  0:17  Drone  
  14  0:32  Drone x2  
  16  0:52  Hatchery  
  15  0:58  Drone  
  15  0:59  Drone  
  17  1:14  Spawning Pool  
  17  1:17  Drone  
  17  1:19  Drone  
  17  1:24  Drone  
  19  1:31  Overlord  
  19  2:03  Queen  
  19  2:07  Spine Crawler  
  19  2:08  Spine Crawler  
  19  2:09  Spine Crawler  
  18  2:16  Spine Crawler  
  18  2:18  Zergling x2  
  18  2:19  Zergling x4  
  20  2:23  Zergling x2  
  20  2:26  Zergling x2  
  20  2:29  Zergling x2  
  23  2:32  Zergling x2  
  24  2:38  Zergling x2  
  25  2:46  Zergling x2  
  26  2:57  Zergling x4  
Show
View Real Time Build Order
Export as new Build Order

A.I. 1 (Elite) Protoss 

Build Orders: 1 Gate Expand 

Get SALT Encoding   

  12  0:00  Probe  
  13  0:13  Probe  
  14  0:20  Pylon  
  14  0:25  Probe  
  15  0:34  Probe  
  15  0:42  Probe  
  17  0:51  Gateway, Probe  
  18  0:59  Probe  
  19  1:07  Probe  
  19  1:11  Assimilator  
  19  1:13  Pylon  
  20  1:18  Probe  
  21  1:35  Nexus  
  21  1:44  Cybernetics Core  
  21  1:45  Zealot  
  23  2:02  Gateway  
  23  2:03  Probe  
  24  2:13  Pylon  
  25  2:15  Probe  
  25  2:20  Zealot  
  27  2:27  Probe  
  28  2:37  Assimilator  
  28  2:39  Probe  
  29  2:44  Adept  
  29  2:52  Probe  
Tags
 
Add a new tag
Caveats
  • Supply blocks, unpowered buildings, or Contaminate may cause inaccurate times.
  • Supply counts are checked every 10 seconds.